 Dungeon Crawl Stone Soup version 0.28-a0-724-g66f9036eb4 (webtiles) character file.

Game seed: 13169428443723935404

100 flotson the Sneak (level 4, 0/37 HPs)
             Began as a Demonspawn Delver on Oct 26, 2021.
             Succumbed to a kobold's poison
             ... on level 5 of the Dungeon.
             The game lasted 00:00:46 (526 turns).

flotson the Sneak (Demonspawn Delver)                Turns: 526, Time: 00:00:46

Health: 0/37       AC:  8    Str: 13    XL:     4   Next: 46%
Magic:  4/4        EV:  6    Int: 11    God:
Gold:   29         SH:  0    Dex: 15    Spells: 3/3 levels left

rFire   . . .      SeeInvis .   a - +0 hand axe
rCold   . . .      Faith    .   (no shield)
rNeg    . . .      Spirit   .   h - +0 chain mail
rPois   .          Reflect  .   (helmet restricted)
rElec   .          Harm     .   (no cloak)
rCorr   .          Rampage  .   (no gloves)
Will    .....                   (no boots)
Stlth   ..........              (no amulet)
HPRegen 0.12/turn               (no ring)
MPRegen 0.09/turn               (no ring)

@: lethally poisoned (0 -> -6)
A: antennae 1, demonic touch 1
a: no special abilities


You were on level 5 of the Dungeon.
You visited 1 branch of the dungeon, and saw 2 of its levels.

You collected 29 gold pieces.

Inventory:

Hand Weapons
 a - a +0 hand axe (weapon)
Armour
 h - a +0 chain mail (worn)
Wands
 g - a wand of digging (3)
Scrolls
 b - 3 scrolls of acquirement {unknown}
 c - a scroll of fog
 d - 2 scrolls of magic mapping
 e - a scroll of fear


   Skills:
 + Level 3.6 Fighting
 + Level 2.6 Axes
 + Level 1.6 Armour
 + Level 2.6 Dodging
 - Level 4.5 Stealth


You had 3 spell levels left.
You didn't know any spells.
Your spell library was empty.

Dungeon Overview and Level Annotations

Branches:
Dungeon (5/15)
 Temple: D:4-7

Altars:


Innate Abilities, Weirdness & Mutations

You have a pair of small antennae on your head.
Your touch may inflict minor irresistible damage on your foes.


Message History

The adder bites you but does no damage.
The kobold throws a poisoned dart.
The poisoned dart barely misses you.
You closely miss the adder. Your touch misses the adder.
You feel sick. The adder bites you.
You are more poisoned.
The adder poisons you!
The kobold throws a poisoned dart.
The poisoned dart barely misses you.
An orc wizard comes into view. It is wielding a +1 dagger of venom.
The adder bites you.
You are more poisoned.
The adder poisons you!
You feel very sick.
The kobold throws a poisoned dart.
The poisoned dart hits you!
You are lethally poisoned!
There is a stone staircase leading down here.
You feel very sick. The adder barely misses you.
You climb downwards.
* * * LOW HITPOINT WARNING * * *
You feel very sick.
There is a stone staircase leading up here.
You aren't carrying any potions.
You hit the adder. Your touch misses the adder.
The adder is lightly wounded.
* * * LOW HITPOINT WARNING * * *
You feel very sick. The adder barely misses you. The adder bites you.
* * * LOW HITPOINT WARNING * * *
You barely miss the adder. Your touch misses the adder.
The adder is lightly wounded.
* * * LOW HITPOINT WARNING * * *
You feel very sick. The adder bites you but does no damage.
The adder barely misses you.
You closely miss the adder.
You touch the adder.
The adder is heavily wounded.
* * * LOW HITPOINT WARNING * * *
You feel sick. The adder bites you but does no damage.
You barely miss the adder. Your touch misses the adder.
The adder is heavily wounded.
You die...

#..........
##..#.....#.
#.###.....#
##..##....#
###.######
##..##
#.###.###
##..##S.#
###.##@#### #
##..###....##..
#.### #.......#
##..###....####
###.##....#
##..##.....#
#.####.#####
##..##.#
###.#.#


You could see an adder.

Vanquished Creatures
  A bullfrog zombie (D:5)
  A hound (D:5)
  A bullfrog skeleton (D:5)
  An adder (D:5)
4 creatures vanquished.

Notes
Turn   | Place    | Note
-------+----------+-------------------------------------------
     0 | D:5      | flotson the Demonspawn Delver began the quest for the Orb.
     0 | D:5      | Reached XP level 1. HP: 18/18 MP: 1/1
    72 | D:5      | Reached skill level 1 in Armour
    72 | D:5      | Discovered your monstrous ancestry.
    72 | D:5      | Gained mutation: You have a pair of small antennae on your
                  | head. [demonic ancestry]
    72 | D:5      | Reached XP level 2. HP: 24/24 MP: 2/2
    72 | D:5      | Reached XP level 3. HP: 29/29 MP: 3/3
   275 | D:5      | Gained mutation: Your touch may inflict minor irresistible
                  | damage on your foes. [demonic ancestry]
   275 | D:5      | Reached XP level 4. HP: 25/36 MP: 4/4
   526 | D:5      | Succumbed to a kobold's poison

Illustrated notes

Levels and vault maps discovered:
D:4:      layout_gridville, nicolae_alphabet_shops
D:5:      layout_rooms, mainiacjoe_overflow_tiny_flanked,
          mainiacjoe_overflow_surrounded_room, lightli_temple_of_fire,
          minmay_temple_entry_proselytizer, grunt_decor_resistance,
          minmay_misc_feat_five, kennysheep_generic_room_13

Skill      XL: |  1 |
---------------+----+-----
Axes           | 2 |  2.6
Armour         | 1 |  1.6
Dodging        | 2 |  2.6
Fighting       | |  3.6
Stealth        | |  4.5

Action                   |  1- 3 |  4- 6 || total
-------------------------+-------+-------++-------
Melee: Hand axe          |    46 |    18 ||    64
       Touch             |       |     4 ||     4
  Use: Potion            |     1 |       ||     1
Armor: Chain mail        |    23 |    10 ||    33
Dodge: Dodged            |    20 |    14 ||    34

Table legend: (Time is in decaauts)
 A = Elapsed time spent in this place.
 B = Non-inter-level travel time spent in this place.
 C = Inter-level travel time spent in this place.
 D = Time resting spent in this place.
 E = Time spent auto-exploring this place.
 F = Levels seen in this place.
 G = Mean time per level.
                   A        B        C        D        E       F      G
               +--------+--------+--------+--------+--------+-----+--------+
         Total |    520 |    511 |      9 |      0 |    413 |   2 |  260.0 |
       Dungeon |    520 |    511 |      9 |      0 |    413 |   2 |  260.0 |
               +--------+--------+--------+--------+--------+-----+--------+

Top non-repeatable levels by time:
     D:5: 509 daAuts
     D:4: 10 daAuts
